 Dungeon Crawl Stone Soup version 0.27.1-2-g3b301248ec (webtiles) character file.

Game seed: 3421687409092538714

270 Urokeeper the Cudgeller (level 6, 0/37 HPs)
             Began as a Gargoyle Gladiator on Sept 24, 2021.
             Was an Initiate of Elyvilon.
             Slain by an orc warrior (11 damage)
             ... on level 4 of the Dungeon.
             The game lasted 00:17:50 (3714 turns).

Urokeeper the Cudgeller (Gargoyle Gladiator)        Turns: 3714, Time: 00:17:50

Health: 0/37       AC: 10    Str: 18    XL:     6   Next: 22%
Magic:  6/6        EV: 11    Int:  8    God:    Elyvilon [......]
Gold:   104        SH:  0    Dex: 13    Spells: 5/5 levels left

rFire    . . .     SeeInvis .   w - +1 falchion (flame)
rCold    . . .     Faith    .   (no shield)
rNeg     + . .     Spirit   .   i - +0 ring mail
rPois    ∞         Reflect  .   c - +0 helmet
rElec    +         Harm     .   (no cloak)
rCorr    .         Rampage  .   (no gloves)
Will     .....                  (no boots)
Stlth    +.........             (no amulet)
HPRegen  0.12/turn              l - ring of flight
MPRegen  0.10/turn              (no ring)

@: flying
A: sickness immunity, AC +4, negative energy resistance 1, electricity
resistance, torment resistance 1, petrification resistance
a: Renounce Religion


You were on level 4 of the Dungeon.
You worshipped Elyvilon.
Elyvilon was noncommittal.
You visited 1 branch of the dungeon, and saw 4 of its levels.

You collected 104 gold pieces.

Inventory:

Hand Weapons
 a - a +0 flail
 e - a +0 mace
 w - a +1 falchion of flaming (weapon)
Missiles
 d - 2 throwing nets (quivered)
 v - 2 curare-tipped darts
Armour
 b - a +0 leather armour
 c - a +0 helmet (worn)
 i - a +0 ring mail (worn)
 u - a +0 helmet
Jewellery
 l - a ring of flight (left hand)
Scrolls
 f - a scroll of magic mapping {unknown}
 k - a scroll of fear {unknown}
 n - a scroll of silence {unknown}
 o - a scroll of teleportation {unknown}
 p - a scroll of identify {unknown}
 q - a scroll of vulnerability {unknown}
 s - a scroll of blinking {unknown}
 t - a scroll of noise {unknown}
Potions
 g - 2 potions of mutation {unknown}
 h - a potion of ambrosia {unknown}
 j - a potion of invisibility {unknown}
 m - a potion of heal wounds {unknown}


   Skills:
 + Level 3.2 Fighting
 + Level 5.5 Maces & Flails
 + Level 1.9 Throwing
 + Level 1.5 Armour
 + Level 2.9 Dodging
 + Level 0.9 Stealth


You had 5 spell levels left.
You didn't know any spells.
Your spell library contained the following spells:

 Spells                   Type           Power      Damage    Failure   Level
 Passwall                 Tmut/Erth      0%         N/A       75%         2
 Ozocubu's Armour         Ice            0%         N/A       93%         3
 Swiftness                Air            0%         N/A       93%         3
 Invisibility             Hex            0%         N/A       100%        6
 Ozocubu's Refrigeration  Ice            0%         4d5       100%        7


Dungeon Overview and Level Annotations

Branches:
Dungeon (4/15)
 Temple: D:4-7

Altars:
Elyvilon
Gozag
Makhleb


Innate Abilities, Weirdness & Mutations

You are immune to sickness and miasma.
Your stone body is resilient. (AC +4)
You are immune to poison.
You resist negative energy. (rN+)
You are resistant to electric shocks. (rElec)
You are resistant to unholy torment.
You are immune to petrification.


Message History

The orc warrior is lightly wounded.
The orc warrior hits you with a +0 war axe!
You closely miss the orc warrior.
The orc warrior is lightly wounded.
The orc warrior zaps a wand.
Some rock shatters into small pieces.
You hit the orc warrior but do no damage.
The orc warrior is lightly wounded.
The orc priest casts a cantrip, but nothing happens.
The orc warrior barely misses you.
You riposte.
You barely miss the orc warrior.
The orc warrior is lightly wounded.
You hit the orc warrior but do no damage.
The orc warrior is lightly wounded.
The orc priest casts a cantrip, but nothing happens.
The orc warrior hits you with a +0 war axe.
You hit the orc warrior but do no damage.
The orc warrior is lightly wounded.
The orc warrior closely misses you.
The orc wizard hits you but does no damage.
The orc wizard hits you but does no damage.
The orc priest miscasts a cantrip.
You feel better.
The orc warrior zaps a wand.
Some rock shatters into small pieces.
You closely miss the orc warrior.
The orc warrior is lightly wounded.
The orc warrior zaps a wand.
Some rock shatters into small pieces.
An endoplasm comes into view.
You hit the orc warrior but do no damage.
The orc warrior is lightly wounded.
The endoplasm quivers.
You hit the orc warrior but do no damage.
The orc warrior is lightly wounded.
The orc wizard casts a spell.
The orc wizard flickers and vanishes!
Deactivating autopickup; reactivate with Ctrl-A.
The orc priest invokes the aid of Beogh against you.
Beogh smites you!
* * * LOW HITPOINT WARNING * * *
The orc warrior hits you with a +0 war axe!
You die...

###.##.#.#
### #.#..
#........#
#.#.>
#.#.####.#
#.##.
#.#Z# .#
#.##)
#.#{# .
#..).
#.#.##
####.
#..Jo# ...
#.#o#.#
.##. ..
#@# .# #
#. #. #.#
.# ### #.
#.# .# #..
#. #.# .#
#.. . #..
. #<# #.#
#.# ###
###


You could see an orc warrior, an orc priest, an endoplasm and an adder skeleton.

Vanquished Creatures
  A bullfrog skeleton (D:3)
  2 orc priests
  An orc wizard (D:3)
  4 gnolls
  3 adders
  2 worms
  A dart slug (D:2)
  11 orcs
  6 endoplasms
  A giant cockroach (D:3)
  7 goblins
  10 hobgoblins
  5 quokkas
  2 ball pythons
  9 bats
  2 frilled lizards
  3 kobolds
  7 rats
77 creatures vanquished.

Vanquished Creatures (others)
  3 withered plants (D:4)
3 creatures vanquished.

Grand Total: 80 creatures vanquished

Notes
Turn   | Place    | Note
-------+----------+-------------------------------------------
     0 | D:1      | Urokeeper the Gargoyle Gladiator began the quest for the
                  | Orb.
     0 | D:1      | Reached XP level 1. HP: 12/12 MP: 1/1
   252 | D:1      | Reached XP level 2. HP: 18/18 MP: 2/2
   764 | D:1      | Reached XP level 3. HP: 5/22 MP: 3/3
  1541 | D:2      | Found a faded altar of an unknown god.
  1703 | D:2      | Reached skill level 4 in Maces & Flails
  1703 | D:2      | Reached XP level 4. HP: 27/27 MP: 4/4
  1870 | D:2      | Reached skill level 1 in Armour
  2025 | D:3      | HP: 1/27 [something (2)]
  2030 | D:3      | HP: 1/27 [orc (6)]
  2295 | D:3      | Reached XP level 5. HP: 30/32 MP: 5/5
  2386 | D:3      | Found an opulent altar of Gozag.
  2834 | D:3      | Reached skill level 5 in Maces & Flails
  3169 | D:3      | Found a burning altar of Makhleb.
  3171 | D:3      | Found a white marble altar of Elyvilon.
  3183 | D:3      | Became a worshipper of Elyvilon the Healer
  3263 | D:4      | Noticed an orc warrior
  3458 | D:4      | Reached XP level 6. HP: 36/37 MP: 6/6
  3714 | D:4      | Slain by an orc warrior

Illustrated notes

Levels and vault maps discovered:
D:1:      dpeg_arrival_morbid_curiosity, layout_basic
D:2:      layout_loops_cross, shapermc_ecumenical_altar_mp_ritualfount
D:3:      minmay_door_path, layout_loops_ring, mainiacjoe_overflow_24_doors,
          gammafunk_temple_overflow_statue, kennysheep_cross_room,
          minmay_misc_feat_doors, minmay_fountain_box, grunt_ministairs_3,
          minmay_misc_feat_pillars
D:4:      old_forge, layout_basic, lemuel_round_altar,
          kiku_gazebo_garden_becter, minmay_temple_entry_arrows

Skill      XL: |  1  2  3  4  5 |
---------------+----------------+-----
Maces & Flails | 4 5 |  5.5
Armour         | 1 |  1.5
Fighting       | 3 |  3.2
Throwing       | |  1.9
Dodging        | |  2.9
Stealth        | |  0.9

Action                   |  1- 3 |  4- 6 || total
-------------------------+-------+-------++-------
Melee: Flail             |   114 |   152 ||   266
       Falchion          |       |     8 ||     8
Throw: Throwing net      |     2 |       ||     2
  Use: Potion            |       |     4 ||     4
Armor: Leather armour    |    20 |       ||    20
       Ring mail         |    36 |    78 ||   114
Dodge: Dodged            |    74 |    76 ||   150
       Rpst.: Falchion   |       |     1 ||     1
